 Dungeon Crawl Stone Soup version 0.30.0-5-g1a98f26d00 (webtiles) character file.

Game seed: 10589024894659028130

223 Irreverend the Shooter (level 5, -2/46 HPs)
             Began as a Minotaur Hunter on May 8, 2023.
             Slain by an orc
             ... wielding a +0 hand axe
              (3 damage)
             ... on level 4 of the Dungeon.
             The game lasted 00:05:39 (2176 turns).

Irreverend the Shooter (Minotaur Hunter)            Turns: 2176, Time: 00:05:40

Health: -2/46      AC:  4    Str: 21    XL:     5   Next: 66%
Magic:  0/4        EV: 12    Int:  6    God:
Gold:   129        SH:  0    Dex: 16    Spells: 4/4 levels left

rFire   . . .        a - +0 shortbow
rCold   . . .        (shield currently unavailable)
rNeg    . . .        c - +0 leather armour
rPois   .            (helmet restricted)
rElec   .            q - +0 cloak
rCorr   .            (no gloves)
SInv    .            (no boots)
Will    .....        i - amulet of guardian spirit
Stlth   +            h - +6 ring of strength
HPRegen 0.27/turn    (no ring)
MPRegen 0.09/turn

%: guardian spirit
@: weakened
A: horns 2, retaliatory headbutt
a: no special abilities


You were on level 4 of the Dungeon.
You visited 1 branch of the dungeon, and saw 4 of its levels.

You collected 129 gold pieces.

Inventory:

Hand Weapons
 a - a +0 shortbow (weapon)
Armour
 c - a +0 leather armour (worn)
 q - a +0 cloak (worn)
Jewellery
 h - a +6 ring of strength (left hand)
 i - an amulet of guardian spirit (around neck)
Scrolls
 d - 2 scrolls of vulnerability {unknown}
 g - 2 scrolls of identify {unknown}
 j - a scroll of poison {unknown}
 l - a scroll of teleportation {unknown}
 m - a scroll of enchant armour {unknown}
 p - 2 scrolls of blinking {unknown}
Potions
 e - 2 potions of degeneration {unknown}
 f - a potion of lignification {unknown}
 k - 2 potions of attraction {unknown}
 n - 2 potions of brilliance {unknown}
 o - 2 potions of curing {unknown}


   Skills:
 + Level 4.1 Fighting
 * Level 6.3 Ranged Weapons
 + Level 3.0 Armour
 - Level 2.1 Dodging
 - Level 0.7 Stealth


You had 4 spell levels left.
You didn't know any spells.
Your spell library contained the following spells:

 Spells                   Type           Power      Damage    Failure   Level
 Hailstorm                Conj/Ice       0%         3d3       86%         3
 Ice Form                 Ice/Tmut       0%         N/A       99%         4
 Simulacrum               Ice/Necr       0%         N/A       100%        6


Dungeon Overview and Level Annotations

Branches:
Dungeon (4/15)
 Temple: D:4-7

Altars:
Ashenzari
Cheibriados
Dithmenos
Elyvilon
Hepliaklqana
Kikubaaqudgha
Nemelex Xobeh
Ru
Trog
Vehumet
Wu Jian
Xom


Innate Abilities, Weirdness & Mutations

You have a pair of horns on your head.
You reflexively headbutt those who attack you in melee.


Message History

The gnoll attacks as you move away! The gnoll hits you with a +0 club.
The orc barely misses you. The gnoll attacks as you move away!
The gnoll closely misses you. The orc hits you but does no damage.
The gnoll bouda gazes fiercely through you!
You feel your attacks grow feeble. The gnoll closely misses you.
The gnoll attacks as you move away! The gnoll hits you with a +0 whip.
The orc attacks as you move away! The orc closely misses you.
The orc attacks as you move away! The orc hits you with a +0 hand axe.
* * * LOW HITPOINT WARNING * * *
The gnoll closely misses you. The gnoll hits you but does no damage.
The gnoll attacks as you move away! The gnoll hits you with a +0 whip.
* * * LOW HITPOINT WARNING * * *
The gnoll attacks as you move away! The gnoll barely misses you.
The gnoll closely misses you. The gnoll attacks as you move away!
The gnoll barely misses you. You furiously retaliate!
You headbutt the gnoll.
You kill the gnoll!
The gnoll closely misses you.
Your attacks no longer feel as feeble.
The gnoll is no longer moving quickly.
The gnoll is no longer moving quickly.
The gnoll attacks as you move away! The gnoll hits you with a +0 whip.
* * * LOW HITPOINT WARNING * * *
The gnoll bouda gazes fiercely through you!
You feel your attacks grow feeble.
Fire: a) +0 shortbow
Press: ? - help, Shift-Dir - straight line, f - gnoll
Aim: a gnoll, wielding a +0 whip (69% to hit)
You shoot an arrow. The arrow hits the gnoll!
The gnoll is severely wounded.
The gnoll hits you with a +0 whip!
* * * LOW HITPOINT WARNING * * *
The gnoll bouda gazes fiercely through you!
You feel as though you will be weak longer.
As you read the scroll of immolation, it crumbles to dust.
The creatures around you are filled with an inner flame!
The orc hits you with a +0 hand axe.
You die...

.....
#....)............##..###
.[..
###.............#...<#..#
...#
#.#....#...............##
...####...#..#
#........#...##
#.........#.#
##....(.######
#).##.....).## ##.....#
#.#......)...# ##....##
.........##..####.....#
.#####.#.##..g..@....##
..##...###..##.og.####
...........###..###
...........##..##
........#.......#
......####.......#
.###...##......[.#
.........#...#......
.....##..#...#.......


You could see a gnoll bouda (inner flame), a gnoll (inner flame) and an orc
(inner flame).

Vanquished Creatures
  2 iguanas
  3 gnolls (D:4)
  5 adders
  A worm (D:2)
  A dart slug (D:1)
  7 orcs
  7 bats
  5 endoplasms
  4 giant cockroaches
  5 goblins
  4 hobgoblins
  13 jackals
  3 quokkas
  3 ball pythons
  5 frilled lizards
  8 kobolds
  2 rats
78 creatures vanquished.

Notes
Turn   | Place    | Note
-------+----------+-------------------------------------------
     0 | D:1      | Irreverend the Minotaur Hunter began the quest for the Orb.
     0 | D:1      | Reached XP level 1. HP: 18/18 MP: 0/0
   110 | D:1      | Reached XP level 2. HP: 22/25 MP: 1/1
   181 | D:1      | Reached skill level 1 in Armour
   378 | D:1      | Reached skill level 5 in Ranged Weapons
   388 | D:1      | Reached XP level 3. HP: 28/31 MP: 2/2
   559 | D:1      | Found a faded altar of an unknown god.
   954 | D:2      | Identified the +10 war axe of Overwhelming Force {freeze,
                  | +Blink rF+ rC+ Dex-2}
  1156 | D:2      | Reached XP level 4. HP: 31/38 MP: 3/3
  1745 | D:3      | Reached XP level 5. HP: 46/46 MP: 4/4
  1776 | D:3      | Found an ancient bone altar of Kikubaaqudgha.
  1776 | D:3      | Found a sparkling altar of Nemelex Xobeh.
  1779 | D:3      | Found a white marble altar of Elyvilon.
  1779 | D:3      | Found a shimmering altar of Xom.
  1779 | D:3      | Found a sacrificial altar of Ru.
  1779 | D:3      | Found a shadowy altar of Dithmenos.
  1781 | D:3      | Found a snail-covered altar of Cheibriados.
  1781 | D:3      | Found a radiant altar of Vehumet.
  1781 | D:3      | Found a bloodstained altar of Trog.
  1783 | D:3      | Found a hazy altar of Hepliaklqana.
  1783 | D:3      | Found a broken altar of Ashenzari.
  1783 | D:3      | Found an ornate altar of the Wu Jian Council.
  1946 | D:4      | Reached skill level 6 in Ranged Weapons
  2175 | D:4      | HP: 1/46 [gnoll/+0 whip[a gnoll bouda] (6)]
  2176 | D:4      | Slain by an orc

Illustrated notes

Levels and vault maps discovered:
D:1:      kennysheep_arrival_forest, layout_basic, basic_ecumenical_altar,
          st_stairs_3
D:2:      minmay_inner_zag, layout_basic, grunt_ministairs_10
D:3:      layout_rooms, nicolae_overflows_in_rows, grunt_ministairs_15
D:4:      layout_cave_pools, chequers_mini_garden

Skill      XL: |  1  2  3  4  5 |
---------------+----------------+-----
Armour         | 1 2 3 |  3.0
Ranged Weapons | 5 6 |  6.3
Fighting       | 3 4 |  4.1
Dodging        | |  2.1
Stealth        | |  0.7

Action                     |  1- 3 |  4- 6 || total
---------------------------+-------+-------++-------
   Fire: Shortbow          |   152 |    97 ||   249
    Use: Scroll            |       |     1 ||     1
 Armour: Leather armour    |    12 |    16 ||    28
  Dodge: Dodged            |    36 |    39 ||    75
